 Dungeon Crawl Stone Soup version 0.24-a0-789-g35933f4585 (webtiles) character file.

Game seed: 6342946369959208589, levelgen mode: classic

32 KleinerIrrer the Firebug (level 3, 0/24 HPs)
             Began as a Demonspawn Fire Elementalist on May 16, 2019.
             Was an Initiate of Sif Muna.
             Succumbed to an adder's poison
             ... on level 3 of the Dungeon on Oct 10, 2019.
             The game lasted 00:08:14 (1200 turns).

KleinerIrrer the Firebug (DsFE)                     Turns: 1200, Time: 00:08:14

Health: 0/24       AC:  2    Str:  8    XL:     3   Next: 8%
Magic:  0/6        EV: 12    Int: 17    God:    Sif Muna [......]
Gold:   66         SH:  0    Dex: 13    Spells: 5/6 levels left

rFire    . . .     SeeInvis .   f - +2 mace (crush)
rCold    . . .     Gourm    .   (no shield)
rNeg     . . .     Faith    .   a - +0 robe
rPois    .         Spirit   +   (no helmet)
rElec    .         Reflect  .   (no cloak)
rCorr    .         Harm     .   (no gloves)
MR       .....                  (no boots)
Stlth    ++........             (no amulet)
HPRegen  0.08/turn              (no ring)
MPRegen  0.10/turn              (no ring)

@: lethally poisoned (0 -> -16)
A: magic shield
a: Renounce Religion


You were on level 3 of the Dungeon.
You worshipped Sif Muna.
Sif Muna was noncommittal.
You were not hungry.

You visited 1 branch of the dungeon, and saw 3 of its levels.

You collected 66 gold pieces.

Inventory:

Hand Weapons
 f - a +2 mace of crushing (weapon)
Armour
 a - a +0 robe (worn)
Scrolls
 d - a scroll of enchant weapon {unknown}
 e - 5 scrolls of identify {unknown}
 h - a scroll of blinking {unknown}
Comestibles
 c - 4 rations


   Skills:
 + Level 2.0 Dodging
 - Level 1.9 Stealth
 + Level 2.2 Spellcasting
 * Level 1.1 Conjurations
 + Level 3.4 Fire Magic
 * Level 0.3 Invocations


You had 5 spell levels left.
You knew the following spells:

 Your Spells              Type           Power        Failure   Level  Hunger
a - Flame Tongue          Conj/Fire      #....        8%          1    #......

Your spell library contained the following spells:

 Spells                   Type           Power        Failure   Level  Hunger
 Throw Flame              Conj/Fire      #.....       12%         2    ###....
 Conjure Flame            Conj/Fire      #.......     22%         3    ###....
 Inner Flame              Hex/Fire       #.......     28%         3    ###....
 Sticky Flame             Conj/Fire      #.......     58%         4    #####..
 Fireball                 Conj/Fire      #.........   91%         5    ######.


Dungeon Overview and Level Annotations

Branches:
Dungeon (3/15)

Altars:
Ashenzari
Dithmenos
Fedhas
Nemelex Xobeh
Qazlal
Sif Muna
Xom
The Shining One


Innate Abilities, Weirdness & Mutations

When hurt, damage is shared between your health and your magic reserves.


Message History

Okay, then.
You barely miss the adder.
The adder is severely wounded.
* * * LOW HITPOINT WARNING * * *
You feel sick. The adder barely misses you. The adder bites you.
* * * LOW HITPOINT WARNING * * *
You are more poisoned.
The adder poisons you!
It was a potion of cancellation.
You feel magically purged.
* * * LOW HITPOINT WARNING * * *
You feel sick. The adder barely misses you.
You sock the adder!
You kill the adder!
Sif Muna accepts your kill.
Your Dodging skill increases to level 2!
You have reached level 3!
Your experience leads to an increase in your attributes!
Increase (S)trength, (I)ntelligence, or (D)exterity?
You feel clever.
You die...

#### ..#
#.#####.#
#....$..####
#(##..S....#
......##.##.#
##.## #.##†#
# ..##@#
...##.#
######.# #.#
#.######
#......#
######.# #<#
#.#


There were no monsters in sight!

Vanquished Creatures
  2 adders
  3 giant cockroaches
  3 goblins (D:2)
  A hobgoblin (D:1)
  A ball python (D:2)
  3 bats (D:2)
  A frilled lizard (D:2)
14 creatures vanquished.

Notes
Turn   | Place    | Note
-------+----------+-------------------------------------------
     0 | D:1      | KleinerIrrer the Demonspawn Fire Elementalist began the
                  | quest for the Orb.
     0 | D:1      | Reached XP level 1. HP: 13/13 MP: 3/3
   164 | D:1      | You fall through a shaft!
   290 | D:2      | Reached skill level 3 in Fire Magic
   290 | D:2      | Gained mutation: When hurt, damage is shared between your
                  | health and your magic reserves. [demonic ancestry]
   290 | D:2      | Reached XP level 2. HP: 19/19 MP: 0/5
   337 | D:2      | Upgraded the game from 0.24-a0-317-g5cb8de4b22 to
                  | 0.24-a0-415-g6d73c25c48
   337 | D:2      | Upgraded the game from 0.24-a0-415-g6d73c25c48 to
                  | 0.24-a0-459-g225fefd530
   337 | D:2      | Upgraded the game from 0.24-a0-459-g225fefd530 to
                  | 0.24-a0-789-g35933f4585
   509 | D:2      | Found a stormy altar of Qazlal.
   703 | D:2      | Found a shimmering blue altar of Sif Muna.
   705 | D:2      | Found a shimmering altar of Xom.
   710 | D:2      | Became a worshipper of Sif Muna the Loreminder
   713 | D:2      | Found a shattered altar of Ashenzari.
   713 | D:2      | Found a shadowy altar of Dithmenos.
   715 | D:2      | Found a sparkling altar of Nemelex Xobeh.
   716 | D:2      | Found a glowing golden altar of the Shining One.
   718 | D:2      | Found a blossoming altar of Fedhas.
  1200 | D:3      | Reached XP level 3. HP: 2/24 MP: 0/6
  1200 | D:3      | Succumbed to an adder's poison

Levels and vault maps discovered:
D:1:      lightli_arrival_boilingwater, layout_basic
D:2:      layout_loops_ring, nicolae_overflow_crystal_walls, minitemple,
          first_ration
D:3:      layout_loops_cross, chequers_ecumenical_altar_simple_redux

Skill      XL: |  1  2 |
---------------+-------+-----
Fire Magic     | 3 |  3.4
Dodging        | 2 |  2.0
Stealth        | |  1.9
Spellcasting   | |  2.2
Conjurations   | |  1.1
Invocations    | |  0.3

Action                   || total
-------------------------++-------
Melee: Unarmed           ||     4
       Mace              ||    33
 Cast: Flame Tongue      ||    27
  Use: Potion            ||     2
 Stab: Sleeping          ||     1
  Eat: Chunk             ||     1
Armor: Robe              ||    10
       Skin              ||     1
Dodge: Dodged            ||    50

Table legend:
 A = Non-vault XP
 B = Vault XP
 C = Vault XP percentage of total XP
 D = Non-vault monster count
 E = Vault monster count
 F = Vault count percentage of total count
                 A         B        C        D         E       F
            +---------+---------+-------+---------+---------+-------
      Total |      46 |       0 |   0.0 |      14 |       0 |   0.0
            +---------+---------+-------+---------+---------+-------
        D:1 |       4 |       0 |   0.0 |       2 |       0 |   0.0
        D:2 |      29 |       0 |   0.0 |      11 |       0 |   0.0
        D:3 |      13 |       0 |   0.0 |       1 |       0 |   0.0
            +---------+---------+-------+---------+---------+-------
